 Dungeon Crawl Stone Soup version 0.27.1-33-g824d729ab1 (webtiles) character file.

Game seed: 4992525772614436806

5282 ANNNA the Thaumaturge (level 10, 0/53 HPs)
             Began as a Deep Elf Earth Elementalist on Nov 24, 2021.
             Was a Believer of Sif Muna.
             Killed from afar by a manticore (20 damage)
             ... with a volley of spikes
             ... on level 10 of the Dungeon.
             The game lasted 00:50:02 (12649 turns).

ANNNA the Thaumaturge (DEEE)                       Turns: 12649, Time: 00:50:03

Health: 0/53       AC:  8    Str: 11    XL:     10   Next: 37%
Magic:  21/27      EV: 15    Int: 27    God:    Sif Muna [**....]
Gold:   444        SH:  0    Dex: 18    Spells: 19/32 levels left

rFire    + . .     SeeInvis .   H - +7 whip "Nyjeet" {drain, rN+ Will- Str+3 Dex+3}
rCold    . . .     Faith    .   (no shield)
rNeg     + . .     Spirit   .   B - +2 leather armour {Will+}
rPois    .         Reflect  .   t - +0 helmet
rElec    .         Harm     .   (no cloak)
rCorr    .         Rampage  .   y - +0 pair of gloves
Will     +....                  I - +0 pair of boots
Stlth    +++.......             (no amulet)
HPRegen  0.17/turn              j - ring of protection from fire
MPRegen  0.20/turn              s - +6 ring of intelligence

@: spiked, very slightly contaminated
A: no striking features
a: Renounce Religion, Channel Magic


You were on level 10 of the Dungeon.
You worshipped Sif Muna.
Sif Muna was pleased with you.
You visited 2 branches of the dungeon, and saw 12 of its levels.

You collected 444 gold pieces.

Inventory:

Hand Weapons
 v - a +0 rapier
 H - the +7 whip "Nyjeet" (weapon) {drain, rN+ Will- Str+3 Dex+3}
   (You found it on level 10 of the Dungeon)

   A truly terrible weapon, it drains the life of any living foe it strikes.
   Str:       It affects your strength (+3).
   Dex:       It affects your dexterity (+3).
   rN:        It protects you from negative energy.
   Will:      It decreases your willpower.
Missiles
 c - 126 stones
 f - 40 poisoned darts
Armour
 e - a +0 buckler
 t - a +0 helmet (worn)
 y - a +0 pair of gloves (worn)
 B - a +2 leather armour of willpower (worn)
 I - a +0 pair of boots (worn)
Jewellery
 j - a ring of protection from fire (left hand)
 s - a +6 ring of intelligence (right hand)
 x - a ring of resist corrosion
Wands
 d - a wand of iceblast (13)
 q - a wand of polymorph (13)
 r - a wand of flame (54)
 F - a wand of acid (10)
Scrolls
 b - a scroll of fog {unknown}
 g - a scroll of enchant armour {unknown}
 h - a scroll of enchant weapon {unknown}
 i - 3 scrolls of teleportation
 k - 8 scrolls of identify
 p - a scroll of fear {unknown}
 u - a scroll of magic mapping {unknown}
 w - a scroll of brand weapon {unknown}
 D - a scroll of blinking {unknown}
Potions
 a - a potion of haste {unknown}
 l - 2 potions of brilliance
 m - 2 potions of curing
 n - a potion of magic {unknown}
 o - a potion of degeneration {unknown}
 z - a potion of flight {unknown}
 A - 3 potions of cancellation
 C - a potion of ambrosia {unknown}
 E - a potion of mutation {unknown}
 G - a potion of berserk rage {unknown}


   Skills:
 + Level 2.2 Fighting
 + Level 3.6 Short Blades
 + Level 0.2 Maces & Flails
 + Level 3.6 Throwing
 + Level 2.2 Armour
 + Level 6.0 Dodging
 + Level 6.3 Stealth
 + Level 11.5 Spellcasting
 + Level 2.5 Conjurations
 + Level 1.3 Hexes
 + Level 0.4 Summonings
 + Level 1.1 Transmutations
 + Level 9.3 Earth Magic


You had 19 spell levels left.
You knew the following spells:

 Your Spells              Type           Power      Damage    Failure   Level
a - Sandblast             Erth           100%       2d20      1%          1
b - Passwall              Tmut/Erth      35%        N/A       1%          2
c - Stone Arrow           Conj/Erth      94%        3d12      1%          3
d - Petrify               Tmut/Erth      43%        N/A       5%          4
e - Summon Guardian Gole  Hex/Summ       20%        N/A       10%         3

Your spell library contained the following spells:

 Spells                   Type           Power      Damage    Failure   Level
 Slow                     Hex            22%        N/A       4%          2
 Dazzling Flash           Conj/Hex       52%        N/A       7%          3
 Confusing Touch          Hex            22%        N/A       9%          3
 Ozocubu's Armour         Ice            15%        N/A       14%         3
 Iskenderun's Mystic Bla  Conj/Tloc      22%        2d6       28%         4
 Yara's Violent Unravell  Hex/Tmut       11%        3d6       63%         5
 Starburst                Conj/Fire      11%        6d5       99%         6
 Orb of Destruction       Conj           14%        9d7       100%        7
 Ozocubu's Refrigeration  Ice            7%         4d6       100%        7
 Spellforged Servitor     Conj/Summ      11%        N/A       100%        7


Dungeon Overview and Level Annotations

Branches:
Dungeon (11/15)            Temple (1/1) D:5             Orc (0/2) D:11
   Lair: D:8-11

Altars:
Ashenzari
Cheibriados
Dithmenos
Elyvilon
Fedhas
Gozag
Hepliaklqana
Kikubaaqudgha
Makhleb
Nemelex Xobeh
Okawaru
Qazlal
Ru
Sif Muna
Trog
Uskayaw
Vehumet
Wu Jian
Xom
Yredelemnul
Zin
The Shining One

Shops:
D:2 (   D:5 *

Annotations:
D:4 2 transporters
D:9 Maurice
D:10 6 runed translucent doors


Message History

There is a stone staircase leading down here.
You see here 22 sling bullets.
Things that are here:
a +0 leather armour; a +0 flail
There is a stone staircase leading down here.
You climb downwards.
The manticore bites you!! The manticore closely misses you.
The manticore completely misses you.
Found a glowing dark potion and 23 bolts.
Found an escape hatch in the floor.
Found a staircase to the Orcish Mines.
There is a stone staircase leading up, spattered with blood here.
The manticore closely misses you.
The manticore claws you but does no damage.
The manticore closely misses you.
You climb upwards.
Level annotation: 6 runed translucent doors
There is a stone staircase leading down here.
Casting: Sandblast (safe; 1% risk of failure)
Confirm with . or Enter, or press ? or * to list all spells.
A guardian golem appears, shielding your allies.
The manticore bites you but does no damage.
The manticore completely misses you. The manticore claws you!
The manticore bites you. The manticore closely misses you.
The manticore barely misses you.
The manticore flicks its tail.
The volley of spikes hits you.
The barbed spikes become lodged in your body.
The barbs in your skin will harm you if you move.
Continue?
Okay, then.
Casting: Summon Guardian Golem (dangerous; 10% risk of failure)
Confirm with . or Enter, or press ? or * to list all spells.
Aiming: Petrify (dangerous; 5% risk of failure)
Press: ? - help, Shift-Dir - straight line, f - manticore
Aim: a manticore (ally target, chance to affect: 51%)
You miscast Petrify.
You are very lightly contaminated with residual magic.
Nothing appears to happen.
The manticore flicks its tail.
The volley of spikes hits you!!
The barbed spikes become lodged in your body.
You die...

#.# #.# #.......#
#.###.#######....[..#
#................)..#
#####[..#####........
##.#.# #........ #..#.#
#........ #######.##.#
#........
#.....#.##.########.....
#...>H.@##.......#......
#....8[####......#...)..
#......(###........#....
#######..........###....
#####..(...##.....
#..<...##.....
#.#######..... #.###
#..... ##...## #.....


You could see a manticore (ally target) and a friendly guardian golem
(summoned).

Vanquished Creatures
  A jumping spider (D:10)
  Prince Ribbit (D:5)
  2 redbacks (D:10)
  7 yaks (D:10)
  Grum (D:9)
  Menkaure (D:5)
  3 water moccasins
  A sky beast (D:6)
  2 necrophages
  An orc warrior (D:10)
  2 black bears (D:9)
  4 ogres
  2 wolves (D:9)
  2 centaurs
  A phantom (D:5)
  2 gnoll sergeants
  A bullfrog (D:8)
  2 scorpions
  8 wights (D:8)
  3 centaur zombies (D:10)
  2 bullfrog zombies
  2 orc priests
  A gnoll shaman (D:7)
  2 centaur skeletons
  2 bullfrog skeletons
  2 iguanas
  2 orc wizards (D:5)
  A scorpion zombie (D:5)
  A hound zombie (D:5)
  A howler monkey skeleton (D:6)
  13 gnolls
  A howler monkey zombie (D:9)
  6 adders
  A shadow imp (D:7)
  An ufetubus (D:5)
  2 adder skeletons (D:4)
  4 dart slugs
  16 orcs
  2 endoplasms
  3 giant cockroaches
  3 goblins
  5 hobgoblins
  2 jackals (D:2)
  9 kobolds
  2 quokkas
  4 ball pythons
  3 bats
  A frilled lizard (D:1)
  2 rats
143 creatures vanquished.

Vanquished Creatures (others)
  17 plants
17 creatures vanquished.

Grand Total: 160 creatures vanquished

Notes
Turn   | Place    | Note
-------+----------+-------------------------------------------
     0 | D:1      | ANNNA the Deep Elf Earth Elementalist began the quest for
                  | the Orb.
     0 | D:1      | Reached XP level 1. HP: 10/10 MP: 6/6
  1014 | D:1      | Reached XP level 2. HP: 5/15 MP: 5/8
  1215 | D:1      | Learned a level 2 spell: Passwall
  2106 | D:2      | Reached XP level 3. HP: 19/19 MP: 7/9
  2110 | D:2      | Learned a level 3 spell: Stone Arrow
  2211 | D:2      | Found a faded altar of an unknown god.
  2529 | D:2      | Found Jygem's Antique Weapon Shop.
  3227 | D:3      | Reached skill level 1 in Throwing
  3391 | D:3      | Found a hazy altar of Hepliaklqana.
  3864 | D:3      | Reached XP level 4. HP: 24/24 MP: 11/11
  3950 | D:3      | Found an iron altar of Okawaru.
  3961 | D:3      | Found an ornate altar of the Wu Jian Council.
  4920 | D:4      | Found a transporter.
  4924 | D:4      | Noticed an ice beast
  4924 | D:4      | Noticed an ice beast
  5029 | D:4      | Found a transporter.
  5262 | D:4      | Reached skill level 1 in Short Blades
  5300 | D:4      | Reached XP level 5. HP: 28/28 MP: 10/12
  5305 | D:4      | Learned a level 4 spell: Petrify
  5376 | D:5      | Entered Level 5 of the Dungeon
  5455 | D:5      | Noticed an ogre
  5459 | D:5      | Killed an ogre
  5459 | D:5      | Noticed a necrophage
  5460 | D:5      | Reached skill level 4 in Spellcasting
  5480 | D:5      | Killed a necrophage
  5481 | D:5      | Reached skill level 1 in Fighting
  5481 | D:5      | Reached XP level 6. HP: 34/34 MP: 0/15
  5635 | D:5      | Reached skill level 5 in Earth Magic
  5869 | D:5      | Noticed Menkaure
  5874 | D:5      | Killed Menkaure
  5875 | D:5      | Reached skill level 5 in Spellcasting
  6000 | D:5      | Reached XP level 7. HP: 38/38 MP: 8/17
  6072 | D:5      | Found Jubbirph's Gadget Gallery.
  6250 | D:5      | Reached skill level 5 in Stealth
  6250 | D:5      | Noticed Prince Ribbit
  6251 | D:5      | Found a broken altar of Ashenzari.
  6262 | D:5      | Killed Prince Ribbit
  6263 | D:5      | Reached skill level 6 in Spellcasting
  6601 | D:5      | Reached skill level 1 in Conjurations
  7070 | D:5      | Reached skill level 7 in Spellcasting
  7070 | D:5      | Reached XP level 8. HP: 43/43 MP: 17/20
  7123 | D:5      | Found a staircase to the Ecumenical Temple.
  7132 | Temple   | Entered the Ecumenical Temple
  7185 | Temple   | Became a worshipper of Sif Muna the Loreminder
  7567 | D:6      | Learned a level 3 spell: Summon Guardian Golem
  7602 | D:6      | Reached skill level 8 in Spellcasting
  8318 | D:7      | Found a shimmering altar of Xom.
  8320 | D:7      | Found a stormy altar of Qazlal.
  8891 | D:7      | Reached skill level 9 in Spellcasting
  9086 | D:7      | Found a glowing golden altar of the Shining One.
  9088 | D:7      | Found a white marble altar of Elyvilon.
  9089 | D:7      | Found a glowing silver altar of Zin.
  9155 | D:7      | Reached skill level 1 in Hexes
  9159 | D:7      | Reached * piety under Sif Muna
  9430 | D:8      | Found an ancient bone altar of Kikubaaqudgha.
  9452 | D:8      | Reached XP level 9. HP: 43/48 MP: 21/24
 10899 | D:9      | Noticed Maurice
 11109 | D:9      | Noticed Grum
 11224 | D:9      | Killed Grum
 11225 | D:9      | Reached skill level 10 in Spellcasting
 11312 | D:9      | Found a bloodstained altar of Trog.
 11371 | D:10     | Entered Level 10 of the Dungeon
 11454 | D:10     | Reached ** piety under Sif Muna
 11591 | D:10     | Found a runed translucent door.
 11599 | D:10     | Noticed a jumping spider
 11602 | D:10     | Killed a jumping spider
 11603 | D:10     | Reached skill level 1 in Armour
 11605 | D:10     | Reached skill level 5 in Dodging
 11609 | D:10     | Identified the +7 whip "Nyjeet" {drain, rN+ Will- Str+3
                  | Dex+3}
 11621 | D:10     | Found a runed translucent gate.
 11621 | D:10     | Found a runed translucent gate.
 11621 | D:10     | Found a runed translucent gate.
 11621 | D:10     | Found a runed translucent gate.
 11741 | D:10     | Found a runed translucent gate.
 11741 | D:10     | Noticed a boulder beetle
 11742 | D:10     | Found a runed translucent gate.
 11742 | D:10     | Noticed a lindwurm
 11743 | D:10     | Noticed a boulder beetle
 11802 | D:10     | Reached XP level 10. HP: 36/53 MP: 21/26
 12025 | D:10     | Reached skill level 11 in Spellcasting
 12230 | D:10     | Found a sparkling altar of Nemelex Xobeh.
 12620 | D:11     | Noticed a cyclops
 12642 | D:11     | Noticed a manticore
 12642 | D:11     | Found a staircase to the Orcish Mines.
 12649 | D:10     | Killed from afar by a manticore

Illustrated notes

Levels and vault maps discovered:
D:1:      sevenhm_arrival_forest_fort_large_2, layout_basic,
          minmay_tree_intersection, minmay_misc_feat_columns,
          amcnicky_mini_corridor_feature, minmay_splitting_lines,
          minmay_tromino_v2
D:2:      layout_basic, shapermc_ecumenical_altar_notcrosses, serial_shops,
          shop, hangedman_decor_riveting, dk_noncrumbling_4
D:3:      layout_loops_ring, minitemple, nicolae_hepliaklqana_hazy_memory
D:4:      gammafunk_cloud_chamber, layout_basic, serial_shops,
          kennysheep_mini_moat, ebering_ghost_rock_garden, uniq_robin
D:5:      layout_loops_corners, evilmike_ruin_ashenzari, temple_hall,
          grunt_ministairs_11, nicolae_shop_gadgets, uniq_prince_ribbit1,
          uniq_menkaure
D:6:      layout_basic
D:7:      layout_basic, good_gods_temple_1, mainiacjoe_overflow_divided_tiny
D:8:      layout_loops_ring, nicolae_overflow_hidden_temple
D:9:      layout_cave_pods, trog_ov_bears_minmay, lair_entry_dummy,
          uniq_maurice, uniq_grum
D:10:     gammafunk_indiana_jones, layout_rooms, marbit_many_paths
D:11:     layout_roguey, orc_0_dummy, ebering_ghost_xom, serial_shops, shop,
          uniq_erolcha
Temple:   zaba_magenta_temple

Skill      XL: |  1  2  3  4  5  6  7  8  9 10 |
---------------+-------------------------------+-----
Earth Magic    | 4 5 6 7 8 9 |  9.3
Stealth        | 3 4 5 6 |  6.3
Throwing       | 1 2 3 |  3.6
Short Blades   | 1 2 3 |  3.6
Spellcasting   | 4 5 7 9 10 11 | 11.5
Fighting       | 1 2 |  2.2
Dodging        | 3 5 6 |  6.0
Conjurations   | 1 2 |  2.5
Hexes          | 1 |  1.3
Armour         | 1 2 |  2.2
Maces & Flails | |  0.2
Summonings     | |  0.4
Transmutations | |  1.1

Action                   |  1- 3 |  4- 6 |  7- 9 | 10-12 || total
-------------------------+-------+-------+-------+-------++-------
Melee: Dagger            |   112 |    49 |    20 |       ||   181
       Unarmed           |     4 |       |       |       ||     4
       Rapier            |       |       |    63 |       ||    63
       Whip              |       |       |     1 |    26 ||    27
Throw: Dart              |    35 |    17 |    36 |     4 ||    92
 Cast: Sandblast         |    16 |    23 |    94 |    19 ||   152
       Stone Arrow       |       |     7 |    24 |     1 ||    32
       Summon Guardian G |       |       |     5 |     1 ||     6
       Passwall          |       |       |     2 |       ||     2
  Use: Scroll            |       |       |     3 |     1 ||     4
       Potion            |       |       |     1 |       ||     1
 Stab: Sleeping          |     5 |     3 |     3 |     3 ||    14
Armor: Robe              |    19 |     3 |    10 |       ||    32
       Leather armour    |       |       |    20 |    21 ||    41
Dodge: Dodged            |    70 |    40 |    78 |    34 ||   222
